 Dungeon Crawl Stone Soup version 0.25-a0-701-gb30f108f01 (webtiles) character file.

Game seed: 458851468205065194, levelgen mode: deterministic

8 Iscandelvey the Vexing (level 2, 21/21 HPs)
             Began as a Demonspawn Arcane Marksman on Apr 3, 2020.
             Quit the game on level 1 of the Dungeon.
             The game lasted 00:00:14 (342 turns).

Iscandelvey the Vexing (Demonspawn Arcane Marksman)  Turns: 342, Time: 00:00:15

Health: 21/21      AC:  4    Str: 10    XL:     2   Next: 0%
Magic:  3/3        EV:  9    Int: 14    God:
Gold:   9          SH:  0    Dex: 13    Spells: 2/3 levels left

rFire    . . .     SeeInvis .   a - +0 hunting sling
rCold    . . .     Gourm    .   (no shield)
rNeg     . . .     Faith    .   e - +0 robe
rPois    .         Spirit   .   (no helmet)
rElec    .         Reflect  .   (no cloak)
rCorr    .         Harm     .   (no gloves)
MR       .....                  (no boots)
Stlth    +.........             (no amulet)
HPRegen  0.07/turn              (no ring)
MPRegen  0.08/turn              (no ring)

@: constricted
A: yellow scales 1
a: no special abilities


You were on level 1 of the Dungeon.
You were not hungry.

You visited 1 branch of the dungeon, and saw 1 of its levels.

You collected 9 gold pieces.

Inventory:

Hand Weapons
 a - a +0 hunting sling (weapon)
Missiles
 b - 7 stones
 d - 5 sling bullets (quivered)
Armour
 e - a +0 robe (worn)
Scrolls
 c - a scroll of magic mapping {unknown}
Comestibles
 f - a ration


   Skills:
 + Level 1.0 Fighting
 + Level 2.0 Slings
 + Level 1.7 Dodging
 + Level 1.0 Spellcasting
 + Level 3.3 Hexes


You had 2 spell levels left.
You knew the following spells:

 Your Spells              Type           Power        Failure   Level  Hunger
a - Corona                Hex            ##.....      7%          1    ##.....

Your spell library contained the following spells:

 Spells                   Type           Power        Failure   Level  Hunger
 Slow                     Hex            ##......     10%         2    ###....
 Inner Flame              Hex/Fire       #.......     36%         3    ####...
 Portal Projectile        Hex/Tloc       #.....       36%         3    ####...
 Cause Fear               Hex            ##........   54%         4    #####..
 Leda's Liquefaction      Hex/Erth       #.........   78%         4    #####..


Dungeon Overview and Level Annotations

Branches:
Dungeon (1/15)

Altars:


Innate Abilities, Weirdness & Mutations

You are partially covered in yellow scales. (AC +2)


Message History

Firing (i - inventory. (/) - cycle)
d - 7 sling bullets (quivered)
Press: ? - help, Shift-Dir - straight line, f/p - leopard gecko
Aim: a leopard gecko (moderately wounded)
You shoot a sling bullet.
The sling bullet hits the leopard gecko but does no damage.
The leopard gecko is moderately wounded.
The leopard gecko barely misses you.
The ball python bites you but does no damage.
The ball python closely misses you. The leopard gecko closely misses you.
There are monsters nearby!
Firing (i - inventory. (/) - cycle)
d - 6 sling bullets (quivered)
Press: ? - help, Shift-Dir - straight line, f/p - leopard gecko
Aim: a leopard gecko (moderately wounded)
You shoot a sling bullet.
The sling bullet hits the leopard gecko but does no damage.
The leopard gecko is moderately wounded.
The ball python closely misses you. The ball python grabs you.
The ball python constricts you.
The leopard gecko bites you but does no damage.
Are you sure you want to abandon this character and quit the game? (Confirm with "yes".)

# # ### # '.# # #.# #(#
##.## .. ... .# #S#
################@######
.................l(((..(
################.######.
#.# #.# #.# #.# #.. ##


You could see a leopard gecko and a ball python.

Vanquished Creatures
  A goblin (D:1)
  2 bats (D:1)
  5 kobolds (D:1)
8 creatures vanquished.

Notes
Turn   | Place    | Note
-------+----------+-------------------------------------------
     0 | D:1      | Iscandelvey the Demonspawn Arcane Marksman began the quest
                  | for the Orb.
     0 | D:1      | Reached XP level 1. HP: 15/15 MP: 2/2
   337 | D:1      | Gained mutation: You are partially covered in yellow
                  | scales. (AC +2) [demonic ancestry]
   337 | D:1      | Reached XP level 2. HP: 21/21 MP: 3/3
   342 | D:1      | Quit the game

Levels and vault maps discovered:
D:1:      matt_arrival_los_fun, layout_basic

Skill      XL: |  1 |
---------------+----+-----
Slings         | 2 |  2.0
Fighting       | |  1.0
Dodging        | |  1.7
Spellcasting   | |  1.0
Hexes          | |  3.3

Action                   || total
-------------------------++-------
 Fire: Hunting sling     ||    42
Armor: Robe              ||     9
Dodge: Dodged            ||    20

Table legend:
 A = Non-vault XP
 B = Vault XP
 C = Vault XP percentage of total XP
 D = Non-vault monster count
 E = Vault monster count
 F = Vault count percentage of total count
                 A         B        C        D         E       F
            +---------+---------+-------+---------+---------+-------
      Total |      12 |       0 |   0.0 |       8 |       0 |   0.0
            +---------+---------+-------+---------+---------+-------
        D:1 |      12 |       0 |   0.0 |       8 |       0 |   0.0
            +---------+---------+-------+---------+---------+-------
